 Dungeon Crawl Stone Soup version 0.15-a0-1579-gd26fec2 (console) character file.

1764 Money the Martial Artist (level 9, 0/43 HPs)
             Began as a Vine Stalker Monk on June 19, 2014.
             Was a Believer of Cheibriados.
             Slain by a warg (4 damage)
             ... on Level 8 of the Dungeon.
             The game lasted 00:10:40 (2191 turns).

Money the Martial Artist (Vine Stalker Monk)        Turns: 2191, Time: 00:10:40

HP   0/43        AC  7     Str 21      XL: 9   Next:  7%
MP   0/15        EV 14     Int 15      God: Cheibriados [**....]
Gold 188         SH  0     Dex 23      Spells:  0 memorised,  8 levels left

rFire  . . .     SeeInvis .       - Unarmed
rCold  . . .     Clarity  .     s - +2 leather armour
rNeg   . . .     rCorr    .     (no shield)
rPois  .         rRot     +     (helmet restricted)
rElec  .         Spirit   +     g - +1 cloak
SustAb .         Warding  .     (no gloves)
rMut   .         Stasis   .     (no boots)
Gourm  .                        (no amulet)
MR     +....                    (no ring)
                                (no ring)

@: very slow, somewhat resistant to hostile enchantments, unstealthy
A: fangs 3, horns 1, breathe flames 1, regeneration 2, magic shield, antimagic
bite, no device heal 3, rot immunity, contemplative 1
a: Bend Time, Renounce Religion, Breathe Fire


You were on level 8 of the Dungeon.
You worshipped Cheibriados.
Cheibriados was pleased with you.
You were hungry.

You visited 2 branches of the dungeon, and saw 9 of its levels.

You collected 217 gold pieces.
You spent 29 gold pieces at shops.

Inventory:

Hand weapons
 k - the cursed -2 falchion of Nightmares {flame, Str+2, unknown}
   (You found it on level 4 of the Dungeon)

   It emits flame when wielded, causing extra injury to most foes and up to
   double damage against particularly susceptible opponents.
   Big, fiery blades are also staple armaments of hydra-hunters.
   It affects your strength (+2).
   It has a curse placed upon it.
 m - a +0 dagger of venom
Armour
 g - a +1 cloak (worn)
 s - a +2 leather armour (worn)
 y - the +0 ring mail "Zetsom" {MR+ Stlth+}
   (You found it on level 6 of the Dungeon)

   It affects your resistance to hostile enchantments.
   It makes you more stealthy.
 A - a +2 plate armour
 B - a +2 plate armour
 E - a +0 shield
 F - a +0 chain mail
Comestibles
 b - 5 bread rations
 q - a meat ration
 u - 7 fruits
Scrolls
 c - 5 scrolls of amnesia {unknown}
 d - a scroll of fog {unknown}
 e - 3 scrolls of enchant armour {unknown}
 f - a scroll of immolation {unknown}
 i - 3 scrolls of random uselessness {unknown}
 j - 2 scrolls of recharging {unknown}
 l - a scroll of noise {unknown}
 n - a scroll of enchant weapon {unknown}
 o - 2 scrolls of remove curse {unknown}
 p - 2 scrolls of blinking {unknown}
 r - 2 scrolls of teleportation {unknown}
Potions
 a - a potion of flight
 h - 9 potions of curing
 t - a potion of magic
 v - a potion of berserk rage {unknown}
 w - a potion of invisibility
 x - a potion of restore abilities
 z - a potion of lignification {unknown}
 C - a potion of confusion {unknown}
 D - a potion of paralysis {unknown}


   Skills:
 - Level 2.6 Fighting
 + Level 3.3 Dodging
 - Level 2.4 Stealth
 - Level 11.2 Unarmed Combat
 + Level 2.6 Invocations


You had 8 spell levels left.
You didn't know any spells.

Dungeon Overview and Level Annotations

Branches:
Dungeon (8/15)             Temple (1/1) D:7
   Lair: D:8-11

Altars:
Ashenzari
Cheibriados
Dithmenos
Elyvilon
Fedhas
Gozag
Kikubaaqudgha
Makhleb
Nemelex Xobeh
Okawaru
Qazlal
Sif Muna
Trog
Vehumet
Xom
Yredelemnul
Zin
The Shining One

Shops:
D:4 *


Innate Abilities, Weirdness & Mutations

You have razor-sharp teeth.
You heal very quickly.
When hurt, damage is shared between your health and your magic reserves.
Your bite disrupts and absorbs the magic of your enemies.
Potions and wands cannot restore your health.
You are immune to rotting.
You have a pair of small horns on your head.
You can breathe flames.
Your spells are a little easier to cast, but a little less powerful.


Message History

Increase (S)trength, (I)ntelligence, or (D)exterity?
You feel stronger. The warg bites you!
* * * LOW HITPOINT WARNING * * *
You barely miss the warg. Your headbutt misses the warg. You bite the warg.
You drain its power.
You feel invigorated.
The warg is lightly wounded.
Drink which item? (? for menu, Esc to quit)
Okay, then.
Read which item? (? for menu, Esc to quit)
Okay, then.
You hit the warg. You bite the warg. You drain its power.
You feel invigorated.
The warg is heavily wounded.
The warg barely misses you.
You hit the warg.
You headbutt the warg, but do no damage.
Your bite misses the warg.
The warg is severely wounded.
The warg bites you!
You die...

≈≈≈≈≈≈≈ ≈≈≈ ≈≈≈≈≈≈.
≈≈≈≈≈≈≈ ≈≈≈≈≈≈..
..P...... .........
........#######........
............<.#........
...........(...o........
............(..h######
................@#
..................#
...................#
....................#
.....................#
......................#
......................
.....................
............. ...


You could see a warg and an orc.

Vanquished Creatures
  A hippogriff (D:4)
  A warg (D:8)
  2 water moccasins
  The ghost of lrvs the Firebug, an average DEFE (D:4)
  An orc warrior (D:6)
  An ogre (D:6)
  2 phantoms (D:4)
  3 sky beasts
  A giant frog (D:6)
  A centaur skeleton (D:7)
  3 orc priests
  2 orc wizards (D:5)
  5 worker ants
  A black bear skeleton (D:5)
  Jessica (D:3)
  3 gnolls (D:6)
  A scorpion zombie (D:5)
  A giant mite (D:3)
  4 adders
  2 worms
  2 giant geckos (D:1)
  10 orcs
  A ball python (D:3)
  6 giant cockroaches
  6 goblins
  6 hobgoblins
  3 jackals (D:1)
  7 kobolds
  3 quokkas
  10 bats
  2 giant newts
  9 rats
102 creatures vanquished.

Notes
Turn   | Place    | Note
--------------------------------------------------------------
     0 | D:1      | Money, the Vine Stalker Monk, began the quest for the Orb.
     0 | D:1      | Reached XP level 1. HP: 11/11 MP: 1/1
    75 | D:1      | Reached XP level 2. HP: 5/16 MP: 3/3
   278 | D:2      | Reached XP level 3. HP: 19/19 MP: 4/4
   380 | D:2      | Reached skill level 5 in Unarmed Combat
   609 | D:4      | Noticed a phantom
   625 | D:4      | Killed a phantom
   625 | D:4      | Reached skill level 6 in Unarmed Combat
   625 | D:4      | Reached XP level 4. HP: 23/23 MP: 5/5
   625 | D:4      | Reached XP level 5. HP: 27/27 MP: 7/7
   645 | D:4      | Noticed a phantom
   661 | D:4      | Killed a phantom
   712 | D:4      | Found Sebu's Assorted Antiques.
   717 | D:4      | Bought a blue potion for 29 gold pieces
   750 | D:4      | Reached skill level 7 in Unarmed Combat
   765 | D:4      | Gained mutation: You heal very quickly. [vine stalker growth]
   765 | D:4      | Reached XP level 6. HP: 20/32 MP: 5/8
   802 | D:3      | Noticed Jessica
   809 | D:3      | Killed Jessica
  1120 | D:4      | Noticed lrvs' ghost (average DEFE)
  1132 | D:4      | Killed lrvs' ghost
  1132 | D:4      | Reached skill level 8 in Unarmed Combat
  1147 | D:4      | Reached XP level 7. HP: 33/35 MP: 9/9
  1151 | D:4      | Got a polished falchion
  1186 | D:4      | Noticed a hippogriff
  1194 | D:4      | Killed a hippogriff
  1226 | D:5      | Entered Level 5 of the Dungeon
  1233 | D:5      | Reached skill level 9 in Unarmed Combat
  1254 | D:5      | Found an iron altar of Okawaru.
  1283 | D:5      | Gained mutation: You have a pair of small horns on your head. [mutagenic meat]
  1429 | D:5      | Gained mutation: You have razor-sharp teeth. [vine stalker growth]
  1429 | D:5      | Reached XP level 8. HP: 32/39 MP: 9/11
  1515 | D:5      | Reached skill level 10 in Unarmed Combat
  1627 | D:6      | Got a fine ring mail
  1637 | D:6      | Identified the +0 ring mail "Zetsom" {MR+ Stlth+} (You found it on level 6 of the Dungeon)
  1711 | D:6      | Reached skill level 11 in Unarmed Combat
  1759 | D:6      | Gained mutation: You can breathe flames. [mutagenic meat]
  1761 | D:6      | Gained mutation: Your spells are a little easier to cast, but a little less powerful. [mutagenic meat]
  1822 | D:7      | Found a staircase to the Ecumenical Temple.
  1833 | Temple   | Entered the Ecumenical Temple
  1868 | Temple   | Became a worshipper of Cheibriados the Contemplative
  1979 | D:7      | Reached skill level 1 in Invocations
  2188 | D:8      | Reached XP level 9. HP: 11/43 MP: 2/15
  2191 | D:8      | Slain by a warg

Action                   |  1- 3 |  4- 6 |  7- 9 || total
-------------------------+-------+-------+-------++-------
Melee: Unarmed           |    88 |    99 |   128 ||   315
Invok: Bend Time         |       |       |     1 ||     1
  Use: Scroll            |       |     4 |     2 ||     6
 Stab: Sleeping          |     2 |     3 |     2 ||     7
